 Dungeon Crawl Stone Soup version 0.28-a0-1395-g4f6bc678fa (webtiles) character file.

Game seed: 5196234642856969543

155 eustatius the Caller (level 5, -1/37 HPs)
             Began as a Gnoll Wanderer on Jan 4, 2022.
             Slain by an orc wizard (3 damage)
             ... on level 3 of the Dungeon.
             The game lasted 00:20:31 (3069 turns).

eustatius the Caller (Gnoll Wanderer)               Turns: 3069, Time: 00:20:31

Health: -1/37      AC:  3    Str: 10    XL:     5   Next: 37%
Magic:  8/12       EV: 12    Int: 14    God:
Gold:   87         SH:  0    Dex: 12    Spells: 7/14 levels left

rFire   . . .      SeeInvis .   a - +0 hunting sling
rCold   . . .      Faith    .   (no shield)
rNeg    . . .      Spirit   .   e - +0 robe
rPois   .          Reflect  .   (no helmet)
rElec   .          Harm     .   (no cloak)
rCorr   .          Rampage  .   j - +0 pair of gloves
Will    .....                   (no boots)
Stlth   +.........              (no amulet)
HPRegen 0.12/turn               (no ring)
MPRegen 0.13/turn               (no ring)

@: confused
A: fangs 1, strong nose, distributed training
a: no special abilities


You were on level 3 of the Dungeon.
You visited 1 branch of the dungeon, and saw 3 of its levels.

You collected 87 gold pieces.

Inventory:

Hand Weapons
 a - a +0 hunting sling (weapon)
 d - a +0 dagger
Missiles
 b - 8 sling bullets (quivered ammo)
 c - 32 poisoned darts
 h - 22 stones (quivered)
Armour
 e - a +0 robe (worn)
 j - a +0 pair of gloves (worn)
Scrolls
 f - 2 scrolls of teleportation {unknown}
 g - 2 scrolls of identify {unknown}
 i - a scroll of amnesia {unknown}
 k - a scroll of acquirement {unknown}
 o - a scroll of torment {unknown}
 p - a scroll of magic mapping {unknown}
 q - 2 scrolls of immolation {unknown}
 r - a scroll of blinking {unknown}
 s - a scroll of fear {unknown}
Potions
 l - 3 potions of mutation {unknown}
 m - 2 potions of curing {unknown}
 n - a potion of heal wounds {unknown}


   Skills:
 + Level 1.4 Fighting
 + Level 1.4 Short Blades
 + Level 1.4 Long Blades
 + Level 1.4 Axes
 + Level 1.4 Maces & Flails
 + Level 1.4 Polearms
 + Level 1.4 Staves
 + Level 3.0 Slings
 + Level 1.4 Bows
 + Level 1.4 Crossbows
 + Level 4.8 Throwing
 + Level 1.4 Armour
 + Level 3.0 Dodging
 + Level 1.4 Stealth
 + Level 1.4 Shields
 + Level 1.4 Unarmed Combat
 + Level 5.2 Spellcasting
 + Level 1.1 Conjurations
 + Level 1.1 Hexes
 + Level 5.5 Summonings
 + Level 1.1 Necromancy
 + Level 1.1 Translocations
 + Level 1.1 Transmutations
 + Level 1.1 Fire Magic
 + Level 1.1 Ice Magic
 + Level 1.1 Air Magic
 + Level 1.1 Earth Magic
 + Level 1.1 Poison Magic
 + Level 1.6 Invocations
 + Level 3.0 Evocations


You had 7 spell levels left.
You knew the following spells:

 Your Spells              Type           Power      Damage    Failure   Level
a - Summon Small Mammal   Summ           76%        N/A       1%          1
b - Call Imp              Summ           19%        N/A       2%          2
c - Shock                 Conj/Air       24%        1d4       11%         1
d - Swiftness             Air            6%         N/A       32%         3

Your spell library contained the following spells:

 Spells                   Type           Power      Damage    Failure   Level
 Animate Armour           Summ/Erth      26%        N/A       38%         4
 Airstrike                Air            3%         N/A       71%         4


Dungeon Overview and Level Annotations

Branches:
Dungeon (3/15)

Altars:
Elyvilon


Innate Abilities, Weirdness & Mutations

You have very sharp teeth.
Your uncanny sense of smell can sniff out nearby items.
Your experience applies equally to all skills.


Message History

Casting: Shock (safe; 11% risk of failure)
Confirm with . or Enter, or press ? or * to list all spells.
Aiming: Shock (safe; 11% risk of failure)
Press: ? - help, Shift-Dir - straight line, f/p - orc wizard
Aim: an orc wizard, wielding a +3 dagger and wearing a +0 robe (lightly wounded, 55% to hit)
The zap misses the orc wizard.
Casting: Shock (safe; 11% risk of failure)
Confirm with . or Enter, or press ? or * to list all spells.
Aiming: Shock (safe; 11% risk of failure)
Press: ? - help, Shift-Dir - straight line, f/p - orc wizard
Aim: an orc wizard, wielding a +3 dagger and wearing a +0 robe (lightly wounded, 55% to hit)
The zap hits the orc wizard.
The orc wizard is moderately wounded.
The orc wizard hits you with a +3 dagger.
Casting: Shock (safe; 11% risk of failure)
Confirm with . or Enter, or press ? or * to list all spells.
Aiming: Shock (safe; 11% risk of failure)
Press: ? - help, Shift-Dir - straight line, f/p - orc wizard
Aim: an orc wizard, wielding a +3 dagger and wearing a +0 robe (moderately wounded, 55% to hit)
The zap hits the orc wizard.
The orc wizard is heavily wounded.
The zap misses the orc priest.
The orc priest mumbles some strange prayers to Beogh against you.
Beogh smites you!
The orc wizard hits you with a +3 dagger.
Casting: Shock (safe; 11% risk of failure)
Confirm with . or Enter, or press ? or * to list all spells.
A shadowy apparition takes form in the air.
The orc wizard hits you with a +3 dagger.
* * * LOW HITPOINT WARNING * * *
The orc priest mumbles some strange prayers to Beogh against you.
Beogh smites you!
* * * LOW HITPOINT WARNING * * *
The orc wizard points at you and mumbles some strange words.
You are confused.
Your shadow imp closely misses the orc wizard.
You bump into the rock wall.
You bump into the rock wall.
The orc wizard hits you with a +3 dagger.
You die...

#.#######.#####.# #.#
#.... #.........# #.# #.#
#..#. ########### #.#
#.####..#. #.# #.........
########.# #..###.... #
.........####.........
...
########...###..#...##
#.(#######.###.##......##
#..o.o5o@..# #.........##
#.########.###.##....####
######..)###..#.# #
..........# #..#.####
.######...###........
..#...........######
...............#
..#............# #
#.##...##....#####


You could see an orc priest, an orc wizard (ally target), an orc and a friendly
shadow imp (summoned).

Vanquished Creatures
  Natasha (twice) (D:3)
  A worm (D:2)
  2 dart slugs
  An orc (D:3)
  3 endoplasms
  3 giant cockroaches
  3 goblins
  5 hobgoblins
  A jackal (D:1)
  4 quokkas
  5 ball pythons
  3 bats
  4 frilled lizards
  5 kobolds
  6 rats
48 creatures vanquished.

Vanquished Creatures (collateral kills)
  Natasha (D:3)
  2 adders (D:2)
  A bat (D:2)
  2 jackals (D:1)
  A frilled lizard (D:2)
7 creatures vanquished.

Vanquished Creatures (others)
  2 plants (D:1)
2 creatures vanquished.

Grand Total: 57 creatures vanquished

Notes
Turn   | Place    | Note
-------+----------+-------------------------------------------
     0 | D:1      | eustatius the Gnoll Wanderer began the quest for the Orb.
     0 | D:1      | eustatius set off with the following items: a +0 hunting
                  | sling, 21 sling bullets, 12 poisoned darts, a +0 dagger, a
                  | +0 robe; and the following spell memorised: Summon Small
                  | Mammal; and the following spells available to memorise:
                  | Call Imp, Animate Armour
     0 | D:1      | Reached XP level 1. HP: 13/13 MP: 6/6
   276 | D:1      | Reached XP level 2. HP: 19/19 MP: 7/7
   716 | D:1      | Reached XP level 3. HP: 22/25 MP: 9/9
   717 | D:1      | Reached skill level 5 in Spellcasting
  1098 | D:1      | Learned a level 2 spell: Call Imp
  1100 | D:1      | Learned a level 1 spell: Shock
  1104 | D:1      | Learned a level 3 spell: Swiftness
  1120 | D:2      | Reached skill level 1 in Invocations
  1183 | D:2      | Reached skill level 1 in Fighting
  1183 | D:2      | Reached skill level 1 in Short Blades
  1183 | D:2      | Reached skill level 1 in Long Blades
  1183 | D:2      | Reached skill level 1 in Axes
  1183 | D:2      | Reached skill level 1 in Maces & Flails
  1183 | D:2      | Reached skill level 1 in Polearms
  1183 | D:2      | Reached skill level 1 in Staves
  1183 | D:2      | Reached skill level 1 in Bows
  1183 | D:2      | Reached skill level 1 in Crossbows
  1183 | D:2      | Reached skill level 1 in Armour
  1183 | D:2      | Reached skill level 1 in Stealth
  1183 | D:2      | Reached skill level 1 in Shields
  1183 | D:2      | Reached skill level 1 in Unarmed Combat
  1424 | D:2      | Reached XP level 4. HP: 18/32 MP: 4/11
  1863 | D:2      | Found a faded altar of an unknown god.
  1892 | D:2      | Prayed at the altar of an unknown god.
  1892 | D:2      | Became a worshipper of Elyvilon the Healer
  1892 | D:2      | Reached * piety under Elyvilon
  2420 | D:3      | Noticed Natasha
  2427 | D:3      | Was placed under penance by Elyvilon
  2474 | D:3      | Killed Natasha
  2475 | D:3      | Reached skill level 1 in Conjurations
  2475 | D:3      | Reached skill level 1 in Hexes
  2475 | D:3      | Reached skill level 1 in Necromancy
  2475 | D:3      | Reached skill level 1 in Translocations
  2475 | D:3      | Reached skill level 1 in Transmutations
  2475 | D:3      | Reached skill level 1 in Fire Magic
  2475 | D:3      | Reached skill level 1 in Ice Magic
  2475 | D:3      | Reached skill level 1 in Air Magic
  2475 | D:3      | Reached skill level 1 in Earth Magic
  2475 | D:3      | Reached skill level 1 in Poison Magic
  2732 | D:3      | Noticed Natasha
  2779 | D:3      | Fell from the grace of Elyvilon
  2812 | D:3      | Killed Natasha
  2813 | D:3      | Reached XP level 5. HP: 18/37 MP: 2/12
  2908 | D:3      | Noticed Natasha
  2919 | D:3      | Killed Natasha
  3069 | D:3      | Slain by an orc wizard

Illustrated notes

Levels and vault maps discovered:
D:1:      lightli_arrival_windingriver, layout_rooms, minmay_curled_crystal,
          dk_noncrumbling_2, serial_bayou_crossing
D:2:      layout_basic, ebering_ecumenical_altar_ruins
D:3:      layout_loops_ring, uniq_natasha

Skill      XL: |  1  2  3  4  5 |
---------------+----------------+-----
Spellcasting   | 5 |  5.2
Invocations    | 1 |  1.6
Fighting       | 1 |  1.4
Short Blades   | 1 |  1.4
Long Blades    | 1 |  1.4
Axes           | 1 |  1.4
Maces & Flails | 1 |  1.4
Polearms       | 1 |  1.4
Staves         | 1 |  1.4
Bows           | 1 |  1.4
Crossbows      | 1 |  1.4
Armour         | 1 |  1.4
Stealth        | 1 |  1.4
Shields        | 1 |  1.4
Unarmed Combat | 1 |  1.4
Conjurations   | 1 |  1.1
Hexes          | 1 |  1.1
Necromancy     | 1 |  1.1
Translocations | 1 |  1.1
Transmutations | 1 |  1.1
Fire Magic     | 1 |  1.1
Ice Magic      | 1 |  1.1
Air Magic      | 1 |  1.1
Earth Magic    | 1 |  1.1
Poison Magic   | 1 |  1.1
Slings         | 3 |  3.0
Dodging        | 3 |  3.0
Evocations     | 3 |  3.0
Throwing       | |  4.8
Summonings     | |  5.5

Action                   |  1- 3 |  4- 6 || total
-------------------------+-------+-------++-------
Melee: Dagger            |    24 |       ||    24
       Bite              |     3 |       ||     3
       Hunting sling     |     1 |       ||     1
 Fire: Hunting sling     |    83 |    31 ||   114
 Cast: Summon Small Mamm |     3 |     2 ||     5
       Shock             |     7 |    61 ||    68
       Call Imp          |     2 |     6 ||     8
Armor: Robe              |    26 |    11 ||    37
Dodge: Dodged            |    77 |    22 ||    99

Table legend: (Time is in decaauts)
 A = Elapsed time spent in this place.
 B = Non-inter-level travel time spent in this place.
 C = Inter-level travel time spent in this place.
 D = Time resting spent in this place.
 E = Time spent auto-exploring this place.
 F = Levels seen in this place.
 G = Mean time per level.
                   A        B        C        D        E       F      G
               +--------+--------+--------+--------+--------+-----+--------+
         Total |   3084 |   2951 |    133 |     74 |   1395 |   3 | 1028.0 |
       Dungeon |   3084 |   2951 |    133 |     74 |   1395 |   3 | 1028.0 |
               +--------+--------+--------+--------+--------+-----+--------+

Top non-repeatable levels by time:
     D:1: 1117 daAuts
     D:3: 1051 daAuts
     D:2: 915 daAuts
